 Dungeon Crawl Stone Soup version 0.28.0-45-g0d030f2227 (webtiles) character file.

Game seed: 4522430711180953469

32982 pkoi the Destroyer (level 13, -2/102 HPs)
             Began as a Demigod Conjurer on Apr 15, 2022.
             Slain by Snorg (18 damage)
             ... on level 5 of the Lair of Beasts.
             The game lasted 00:33:59 (19656 turns).

pkoi the Destroyer (Demigod Conjurer)              Turns: 19656, Time: 00:33:59

Health: -2/102     AC: 10    Str:  8    XL:     13   Next: 6%
Magic:  3/29       EV: 14    Int: 36    God:
Gold:   1044       SH:  0    Dex: 12    Spells: 17/28 levels left

rFire   . . .      SeeInvis .   J - +3 short sword
rCold   + . .      Faith    .   (no shield)
rNeg    . . .      Spirit   .   D - +1 steam dragon scales
rPois   .          Reflect  .   C - +0 helmet of the Bard {Fly Regen+ rCorr Int-2}
rElec   .          Harm     .   (no cloak)
rCorr   +          Rampage  .   (no gloves)
Will    +....                   g - +2 pair of boots
Stlth   +.........              o - amulet of magic regeneration
HPRegen 1.07/turn               a - ring of Due Proportion {Wiz rC+ Int+2}
MPRegen 0.61/turn               N - ring of Tioschemp {Wiz Fly rCorr Stlth-}

@: flying
A: high MP 1, forlorn, divine attributes
a: no special abilities


You were on level 5 of the Lair of Beasts.
You visited 2 branches of the dungeon, and saw 15 of its levels.

You collected 1102 gold pieces.
You spent 58 gold pieces at shops.

Inventory:

Hand Weapons
 k - a +1 dagger
 s - a +1 rapier of holy wrath
 y - a +1 dagger of speed
 J - a +3 short sword (weapon)
Missiles
 m - 5 boomerangs of dispersal
 w - a throwing net
 x - 5 curare-tipped darts
Armour
 g - a +2 pair of boots (worn)
 C - the +0 helmet of the Bard (worn) {Fly Regen+ rCorr Int-2}
   (You found it on level 8 of the Dungeon)

   Int:       It affects your intelligence (-2).
   Fly:       It grants you flight.
   Regen:     It increases your rate of health regeneration.
   rCorr:     It protects you from acid and corrosion.
 D - +1 steam dragon scales (worn)
Jewellery
 a - the ring of Due Proportion (left hand) {Wiz rC+ Int+2}
   (You acquired it on level 3 of the Lair of Beasts)

   [ring of wizardry]

   It improves your spell success rate.
   Int:       It affects your intelligence (+2).
   rC:        It protects you from cold.
 b - an amulet of the acrobat
 o - an amulet of magic regeneration (around neck)
 u - a ring of ice
 M - a +4 ring of protection
 N - the ring of Tioschemp (right hand) {Wiz Fly rCorr Stlth-}
   (You acquired it on level 3 of the Lair of Beasts)

   [ring of wizardry]

   It improves your spell success rate.
   Fly:       It grants you flight.
   rCorr:     It protects you from acid and corrosion.
   Stlth:     It makes you less stealthy.
Wands
 B - a wand of flame (25)
 I - a wand of acid (6)
 K - a wand of paralysis (4)
 O - a wand of iceblast (6)
 P - a wand of polymorph (1)
Scrolls
 n - a scroll of noise {unknown}
 r - 2 scrolls of enchant weapon
 t - 2 scrolls of fog
 v - 3 scrolls of amnesia
 z - 2 scrolls of identify
 F - a scroll of magic mapping
 G - 2 scrolls of teleportation
 H - a scroll of blinking
 L - 2 scrolls of enchant armour
Potions
 c - 2 potions of lignification {unknown}
 d - 4 potions of haste
 e - a potion of resistance
 f - 6 potions of curing
 h - 2 potions of heal wounds
 i - a potion of ambrosia {unknown}
 j - 3 potions of brilliance
 l - 2 potions of magic
 p - 2 potions of flight
 q - 2 potions of cancellation
 A - a potion of might
 E - 2 potions of mutation


   Skills:
 + Level 5.9 Fighting
 + Level 6.4 Dodging
 - Level 1.7 Stealth
 + Level 8.1 Spellcasting
 + Level 12.1 Conjurations
 + Level 10.1 Hexes
 + Level 8.7 Translocations


You had 17 spell levels left.
You knew the following spells:

 Your Spells              Type           Power      Damage    Failure   Level
a - Magic Dart            Conj           100%       1d8       0%          1
b - Searing Ray           Conj           100%       2d8       1%          2
c - Iskenderun's Mystic   Conj/Tloc      74%        2d15      1%          4
d - Fulminant Prism       Conj/Hex       38%        3d18      1%          4

Your spell library contained the following spells:

 Spells                   Type           Power      Damage    Failure   Level
 Animate Skeleton         Necr           28%        N/A       1%          1
 Freeze                   Ice            56%        1d7       1%          1
 Pain                     Necr           56%        1d6       1%          1
 Corpse Rot               Necr/Air       28%        N/A       1%          2
 Ensorcelled Hibernation  Hex/Ice        100%       N/A       1%          2
 Passwall                 Tmut/Erth      11%        N/A       1%          2
 Dazzling Flash           Conj/Hex       100%       N/A       1%          3
 Hailstorm                Conj/Ice       55%        3d12      1%          4
 Leda's Liquefaction      Hex/Erth       25%        N/A       1%          4
 Frozen Ramparts          Ice            28%        1d4       2%          3
 Ozocubu's Armour         Ice            14%        N/A       2%          3
 Swiftness                Air            14%        N/A       2%          3
 Vampiric Draining        Necr           14%        2d7       2%          3
 Metabolic Englaciation   Hex/Ice        25%        N/A       2%          5
 Dispel Undead            Necr           14%        3d10      8%          4
 Lee's Rapid Deconstruct  Erth           7%         3d7*      21%         5
 Death Channel            Necr           7%         N/A       69%         6
 Simulacrum               Ice/Necr       7%         N/A       69%         6
 Statue Form              Tmut/Erth      9%         N/A       69%         6


Dungeon Overview and Level Annotations

Branches:
Dungeon (10/15)            Temple (0/1) D:6            Lair (5/6) D:9
 Shoals (0/4) Lair:2        Snake (0/4) Lair:3
  Slime: Lair:5-6       Orc: D:9-12

Shops:
D:6 *

Annotations:
D:6 exclusion: door
D:7 2 transporters, dornbeast's ghost, novice GnCA
D:8 1 runed translucent door
Lair:5 Snorg


Innate Abilities, Weirdness & Mutations

You have an increased reservoir of magic. (+10% MP)
You shall have no god before yourself.
Your divine heritage dramatically boosts your attributes as you level up.


Message History

Press: ? - help, Dir - move target
Okay, then.
Casting: Fulminant Prism (safe; 1% risk of failure)
Confirm with . or Enter, or press ? or * to list all spells.
You erupt in a blast of force!
The mystic blast hits Snorg!
Snorg is heavily wounded.
Snorg is knocked back by the mystic blast.
Unknown command.
Casting: Iskenderun's Mystic Blast (safe; 1% risk of failure)
Confirm with . or Enter, or press ? or * to list all spells.
You erupt in a blast of force!
The mystic blast hits Snorg!!
Snorg is severely wounded.
Snorg is knocked back by the mystic blast.
Unknown command.
Snorg closely misses you. Snorg claws you.
* * * LOW HITPOINT WARNING * * *
Snorg claws you!
* * * LOW HITPOINT WARNING * * *
You see here a cane toad corpse.
Snorg bites you!!
* * * LOW HITPOINT WARNING * * *
Snorg claws you.
* * * LOW HITPOINT WARNING * * *
Snorg claws you but does no damage.
That's the wrong kind of item! (Use * to select it.) Evoke which item? (* to show all) (? for menu, Esc to quit)
Okay, then.
Unknown command.
Aiming: Corrosive Bolt
Press: ? - help, Shift-Dir - straight line, f - Snorg
Aim: Snorg (severely wounded, berserk, 71% to hit)
Okay, then.
Unknown command.
Aiming: Corrosive Bolt
Press: ? - help, Shift-Dir - straight line, f - Snorg
Aim: Snorg (severely wounded, berserk, 71% to hit)
The bolt of acid hits Snorg!
The acid corrodes Snorg!
Snorg is severely wounded.
Snorg bites you!!
You die...

...( .. ##........ .. ..##..
................#.P #P.#.....
.......#....P...... #P..#....
#....##.........##
#P.#.#..######...##..#..P...###
##...#..#........#.#.###.....P.
#P..........÷.....#............
#.........÷<÷†@T...............
#.........÷†....†..............
#............†.................
#.................##..#..##....
#..P.#...##.......##.###.......
#P.. #..#.#.#....####†.##P.....
...#.#.............†....##.....
##..........#........†..#.#..##
#.........##...+.......###..##


You could see Snorg (berserk, corroded).

Vanquished Creatures
  6 hydras
  A bog body (Lair:3)
  A deep elf zephyrmancer (D:6)
  6 elephants
  5 black mambas
  Maggie (D:8)
  A gargoyle (D:8)
  13 cane toads
  An unseen horror (D:8)
  2 ice devils (Lair:3)
  3 komodo dragons
  A rime drake (Lair:3)
  A troll (D:10)
  5 polar bears
  7 dream sheep (Lair:4)
  8 blink frogs
  A dire elephant simulacrum (Lair:3)
  6 wyverns
  43 yaks
  2 steam dragons
  17 water moccasins
  Duvessa (D:7)
  2 hornet zombies (D:7)
  A sky beast (D:7)
  4 orc warriors
  2 ogres
  A necrophage (D:7)
  3 centaurs
  12 wolves
  3 kobold brigands
  6 bullfrogs
  A gnoll sergeant (D:9)
  A cane toad simulacrum (Lair:3)
  2 scorpions (D:5)
  Dowan (D:7)
  A water moccasin skeleton (D:6)
  3 killer bees (D:9)
  An elephant simulacrum (Lair:3)
  2 howler monkeys
  6 wights
  4 electric eels (Lair:4)
  4 centaur zombies
  4 hounds
  A bullfrog zombie (D:6)
  6 orc priests
  3 jellies
  A centaur skeleton (D:6)
  A gnoll shaman (D:6)
  10 orc wizards
  A killer bee zombie (D:7)
  A hound skeleton (D:5)
  4 gnolls
  A naga simulacrum (Lair:3)
  8 adders
  2 shadow imps
  3 white imps
  2 worms
  2 dart slugs
  33 orcs
  6 endoplasms
  3 giant cockroaches
  5 goblins
  9 hobgoblins
  5 jackals
  16 kobolds
  A quokka (D:5)
  7 ball pythons
  4 bats
  4 frilled lizards
  3 rats
  A fulminant prism (Lair:1)
339 creatures vanquished.

Vanquished Creatures (others)
  121 fulminant prisms
  23 fungi
  52 plants
  2 withered plants (D:7)
198 creatures vanquished.

Grand Total: 537 creatures vanquished

Notes
Turn   | Place    | Note
-------+----------+-------------------------------------------
     0 | D:1      | pkoi the Demigod Conjurer began the quest for the Orb.
     0 | D:1      | Reached XP level 1. HP: 14/14 MP: 5/5
   164 | D:1      | Reached skill level 4 in Conjurations
   164 | D:1      | Reached XP level 2. HP: 20/20 MP: 0/7
   335 | D:1      | Learned a level 2 spell: Searing Ray
  1603 | D:2      | Reached XP level 3. HP: 26/26 MP: 4/8
  2302 | D:2      | Reached skill level 5 in Conjurations
  2884 | D:3      | Reached XP level 4. HP: 33/33 MP: 4/9
  3633 | D:4      | Noticed an ogre
  3697 | D:4      | Killed an ogre
  3698 | D:4      | Reached skill level 1 in Fighting
  3698 | D:4      | Reached XP level 5. HP: 40/40 MP: 4/10
  3982 | D:4      | You fall into a shaft and drop 1 floor!
  3982 | D:5      | Entered Level 5 of the Dungeon
  4502 | D:4      | Learned a level 4 spell: Iskenderun's Mystic Blast
  4850 | D:5      | Reached skill level 6 in Conjurations
  4908 | D:5      | Reached XP level 6. HP: 47/47 MP: 5/12
  5065 | D:5      | Reached skill level 1 in Translocations
  5419 | D:5      | Reached XP level 7. HP: 55/55 MP: 9/14
  5947 | D:6      | Learned a level 4 spell: Fulminant Prism
  6220 | D:6      | Found Vaidom's Assorted Antiques.
  6228 | D:6      | Bought 2 scrolls labelled EKLUTA VUUD for 40 gold pieces
  6228 | D:6      | Bought a sapphire potion for 18 gold pieces
  6300 | D:6      | Found a staircase to the Ecumenical Temple.
  6361 | D:6      | Noticed a deep elf zephyrmancer
  6368 | D:6      | Killed a deep elf zephyrmancer
  6369 | D:6      | Reached skill level 7 in Conjurations
  6369 | D:6      | Reached XP level 8. HP: 57/61 MP: 8/16
  6582 | D:6      | Noticed a boulder beetle
  7633 | D:7      | Found a transporter.
  7637 | D:7      | Found a transporter.
  7637 | D:7      | Noticed dornbeast's ghost (novice GnCA)
  7748 | D:7      | Reached skill level 8 in Conjurations
  8533 | D:7      | Noticed Dowan
  8536 | D:7      | Noticed Duvessa
  8546 | D:7      | Killed Duvessa
  8547 | D:7      | Reached XP level 9. HP: 67/67 MP: 12/18
  8551 | D:7      | Killed Dowan
  8887 | D:8      | Noticed a gargoyle
  8905 | D:8      | Killed a gargoyle
  8941 | D:8      | Identified the +0 helmet of the Bard {Fly Regen+ rCorr
                  | Int-2}
  9098 | D:8      | Reached skill level 5 in Hexes
  9302 | D:8      | Found a runed translucent door.
  9580 | D:8      | Killed an unseen horror
  9581 | D:8      | Reached skill level 9 in Conjurations
  9651 | D:8      | Noticed Maggie
  9674 | D:8      | Killed Maggie
  9675 | D:8      | Reached skill level 5 in Translocations
 10171 | D:9      | Reached skill level 5 in Spellcasting
 10678 | D:9      | Found a staircase to the Lair.
 10896 | D:9      | Reached XP level 10. HP: 73/73 MP: 7/21
 11456 | D:10     | Entered Level 10 of the Dungeon
 12665 | Lair:1   | Entered Level 1 of the Lair of Beasts
 12665 | Lair:1   | Noticed a black mamba
 12675 | D:9      | Killed a black mamba
 12676 | D:9      | Reached skill level 10 in Conjurations
 13702 | Lair:1   | Noticed a five-headed hydra
 13710 | Lair:1   | Killed a five-headed hydra
 13711 | Lair:1   | Reached XP level 11. HP: 79/79 MP: 10/24
 14539 | Lair:2   | Reached skill level 11 in Conjurations
 14542 | Lair:2   | Found a staircase to the Shoals.
 15269 | Lair:3   | Found a staircase to the Snake Pit.
 15293 | Lair:3   | Noticed a four-headed hydra
 15516 | Lair:3   | Killed a four-headed hydra
 16300 | Lair:3   | Noticed a bog body
 16309 | Lair:3   | Killed a bog body
 16321 | Lair:3   | Identified 2 scrolls of acquirement
 16321 | Lair:3   | Acquired the ring of Tioschemp {Wiz Fly rCorr Stlth-}
 16341 | Lair:3   | Acquired the ring of Due Proportion {Wiz rC+ Int+2}
 16460 | Lair:3   | Reached XP level 12. HP: 91/91 MP: 9/26
 16634 | Lair:3   | Identified the +0 leather armour of Stoicism {Harm Regen+}
 16780 | Lair:3   | Reached skill level 5 in Dodging
 17781 | Lair:4   | Noticed a seven-headed hydra
 17811 | Lair:4   | Reached skill level 5 in Fighting
 17820 | Lair:4   | Killed a seven-headed hydra
 18900 | Lair:5   | Noticed Snorg
 19011 | Lair:5   | Noticed an eight-headed hydra
 19018 | Lair:5   | Killed an eight-headed hydra
 19423 | Lair:5   | Noticed a five-headed hydra
 19430 | Lair:5   | Killed a five-headed hydra
 19431 | Lair:5   | Reached skill level 12 in Conjurations
 19482 | Lair:5   | Reached skill level 10 in Hexes
 19528 | Lair:5   | Reached XP level 13. HP: 88/102 MP: 2/29
 19656 | Lair:5   | Slain by Snorg

Illustrated notes

Levels and vault maps discovered:
D:1:      roderic_lyre, layout_loops_ring, ebering_ecumenical_altar_webs,
          minmay_pentomino_q4
D:2:      layout_rooms
D:3:      layout_loops_ring, nicolae_overflow_crystal_walls,
          kennysheep_minor_cross
D:4:      layout_loops_ring
D:5:      layout_loops_cross
D:6:      cheibrodos_two_vegetables, layout_loops_ring,
          mainiacjoe_overflow_paths, lemuel_temple_firewalk_a, serial_shops,
          shop, guppyfry_early_elven_hall
D:7:      layout_basic, okawaru_gym_becter, serial_undead, serial_undead_f,
          serial_undead_f, serial_undead_c, serial_undead_e,
          gammafunk_ghost_smash, hangedman_decor_slide_cut, uniq_duvessa
D:8:      layout_loops_ring, dk_yredelemnul_ordeal, uniq_maggie
D:9:      layout_loops_ring, marbit_many_paths, lair_entry_dummy, serial_rivers,
          chequers_serial_rivers_micro_a, chequers_serial_rivers_large_a,
          chequers_serial_rivers_micro_a, chequers_serial_rivers_large_b,
          chequers_serial_rivers_micro_a
D:10:     layout_loops_corners, nicolae_qazlal_style_of_elements,
          nicolae_overflow_hidden_temple
Lair:1:   layout_roguey
Lair:2:   layout_gridlike, shoals_dummy_entry, serial_bayou,
          serial_bayou_pond_d, serial_bayou_shore_b, serial_bayou_shore_b,
          serial_bayou_lagoon_a, minivault_24, nicolae_quartered_pool_super
Lair:3:   dreamdust_isle_of_ice, layout_cave_pods,
          minmay_snake_entry_six_corridors, lemuel_old_faithful
Lair:4:   layout_hall_layers, serial_bayou_lake_a
Lair:5:   layout_regular_city, minivault_11, hellmonk_guarded_unrand_vines,
          uniq_snorg

Skill      XL: |  1  2  3  4  5  6  7  8  9 10 11 12 |
---------------+-------------------------------------+-----
Conjurations   | 4 5 6 7 8 9 10 11 12 | 12.1
Fighting       | 1 2 4 5 |  5.9
Dodging        | 2 3 4 6 |  6.4
Spellcasting   | 2 3 4 5 6 7 8 |  8.1
Translocations | 2 3 4 5 6 7 8 |  8.7
Hexes          | 2 4 6 8 9 10 | 10.1
Stealth        | |  1.7

Action                   |  1- 3 |  4- 6 |  7- 9 | 10-12 | 13-15 || total
-------------------------+-------+-------+-------+-------+-------++-------
Melee: Unarmed           |     1 |       |       |       |       ||     1
       Rapier            |       |       |    18 |     7 |       ||    25
       Punch             |       |       |     1 |       |       ||     1
       Short sword       |       |       |       |    23 |       ||    23
 Cast: Magic Dart        |    95 |    66 |    88 |    54 |       ||   303
       Searing Ray       |       |    13 |    40 |     2 |       ||    55
       Fulminant Prism   |       |       |    29 |    90 |     3 ||   122
       Iskenderun's Myst |       |       |    23 |   168 |    10 ||   201
Evoke: Wand              |       |       |       |       |     1 ||     1
  Use: Scroll            |     7 |     3 |     5 |     7 |       ||    22
       Potion            |       |       |       |     6 |       ||     6
Armor: Robe              |     1 |     3 |    14 |       |       ||    18
       Steam dragon scal |       |       |    10 |    48 |     9 ||    67
Dodge: Dodged            |     4 |    10 |    79 |   133 |    11 ||   237
